 Dungeon Crawl Stone Soup version 0.29.1-15-g9cfb28693d (webtiles) character file.

Game seed: 13557091258911718525

114 Gumption the Chopper (level 4, -5/41 HPs)
             Began as a Minotaur Berserker on Mar 19, 2023.
             Was a Believer of Trog.
             Slain by Crazy Yiuf
             ... wielding a +3 quarterstaff of chaos
              (11 damage)
             ... on level 3 of the Dungeon.
             The game lasted 00:10:42 (2326 turns).

Gumption the Chopper (Minotaur Berserker)           Turns: 2326, Time: 00:10:42

Health: -5/41      AC: 10    Str: 24    XL:     4   Next: 67%
Magic:  2/3        EV: 10    Int:  4    God:    Trog [**....]
Gold:   66         SH:  0    Dex:  9    Spells: 3/3 levels left

rFire   . . .      SeeInvis .   a - +0 hand axe
rCold   . . .      Faith    .   (no shield)
rNeg    . . .      Spirit   .   b - +0 scale mail
rPois   .          Reflect  .   (helmet restricted)
rElec   .          Harm     .   p - +1 cloak
rCorr   .          Rampage  .   (no gloves)
Will    .....                   d - +0 pair of boots
Stlth   ..........              (no amulet)
HPRegen 0.13/turn               (no ring)
MPRegen 0.08/turn               (no ring)

@: slowed, very slow
A: horns 2, retaliatory headbutt
a: Renounce Religion, Berserk, Trog's Hand


You were on level 3 of the Dungeon.
You worshipped Trog.
Trog was pleased with you.
You visited 1 branch of the dungeon, and saw 3 of its levels.

You collected 66 gold pieces.

Inventory:

Hand Weapons
 a - a +0 hand axe (weapon)
Armour
 b - a +0 scale mail (worn)
 d - a +0 pair of boots (worn)
 p - a +1 cloak (worn)
 r - a +0 leather armour
Jewellery
 s - an amulet of the acrobat
Scrolls
 e - a scroll of vulnerability {unknown}
 g - a scroll of enchant weapon {unknown}
 i - a scroll of torment {unknown}
 l - a scroll of identify {unknown}
 m - 2 scrolls of teleportation {unknown}
 o - a scroll of poison {unknown}
 t - a scroll of fog {unknown}
Potions
 c - a potion of degeneration {unknown}
 f - 2 potions of attraction {unknown}
 h - 2 potions of brilliance {unknown}
 j - 3 potions of curing
 k - a potion of heal wounds {unknown}
 n - a potion of berserk rage {unknown}
 q - a potion of haste {unknown}


   Skills:
 + Level 4.5 Fighting
 * Level 5.3 Axes
 + Level 3.6 Armour
 - Level 2.1 Dodging


You had 3 spell levels left.
You didn't know any spells.
Your spell library was empty.

Dungeon Overview and Level Annotations

Branches:
Dungeon (3/15)

Altars:
Okawaru

Annotations:
D:3 Crazy Yiuf


Innate Abilities, Weirdness & Mutations

You have a pair of horns on your head.
You reflexively headbutt those who attack you in melee.


Message History

Crazy Yiuf is heavily wounded.
Crazy Yiuf closely misses you.
You hit Crazy Yiuf. You headbutt Crazy Yiuf.
Crazy Yiuf is severely wounded.
Crazy Yiuf hits you with a +3 quarterstaff of chaos.
You completely miss Crazy Yiuf.
You headbutt Crazy Yiuf, but do no damage.
Crazy Yiuf is severely wounded.
Crazy Yiuf barely misses you.
You hit Crazy Yiuf.
Crazy Yiuf is severely wounded.
Crazy Yiuf sings, "Trees, trees, trees, circus!"
Crazy Yiuf hits you with a +3 quarterstaff of chaos!
You are confused.
You bump into the tree.
Crazy Yiuf drinks a potion.
Crazy Yiuf is healed!
You miss Crazy Yiuf.
Crazy Yiuf is moderately wounded.
Crazy Yiuf barely misses you.
You bump into the tree.
Crazy Yiuf hits you with a +3 quarterstaff of chaos.
You feel yourself slow down.
You bump into the tree.
Crazy Yiuf hits you with a +3 quarterstaff of chaos.
* * * LOW HITPOINT WARNING * * *
Crazy Yiuf freezes you.
* * * LOW HITPOINT WARNING * * *
Crazy Yiuf says, "Cholesterol canine ragdoll!"
Crazy Yiuf hits you but does no damage.
Okay, then.
You hit Crazy Yiuf.
Crazy Yiuf is moderately wounded.
You feel less confused.
Crazy Yiuf hits you with a +3 quarterstaff of chaos.
* * * LOW HITPOINT WARNING * * *
You feel your power leaking away.
You hit Crazy Yiuf. Your headbutt misses Crazy Yiuf.
Crazy Yiuf is heavily wounded.
Crazy Yiuf barely misses you.
Crazy Yiuf hits you with a +3 quarterstaff of chaos!
You die...

#### #..# #####..#
#......##♣♣ ###
##.........♣♣ ♣♣#..)#
.#..........♣♣♣♣@g...#
......#...P..♣..♣#...#
##..........♣.♣♣♣ ###
........##♣♣♣♣♣ ####
....##.## #..# ..####.#
######## ####..# .###
#.....#....# #...[.#
...######.......# ###.....#
##....##......#.###.......#


You could see Crazy Yiuf.

Vanquished Creatures
  A hound (D:3)
  3 adders
  A dart slug (D:1)
  5 orcs (D:3)
  2 bats (D:1)
  4 endoplasms
  5 goblins
  3 hobgoblins
  5 jackals
  A kobold (D:2)
  5 quokkas
  4 ball pythons
  3 frilled lizards
  3 rats
45 creatures vanquished.

Vanquished Creatures (others)
  6 fungi (D:3)
  2 plants (D:3)
8 creatures vanquished.

Grand Total: 53 creatures vanquished

Notes
Turn   | Place    | Note
-------+----------+-------------------------------------------
     0 | D:1      | Gumption the Minotaur Berserker began the quest for the
                  | Orb.
     0 | D:1      | Reached XP level 1. HP: 19/19 MP: 0/0
   271 | D:1      | Reached skill level 4 in Axes
   271 | D:1      | Reached XP level 2. HP: 20/27 MP: 1/1
   513 | D:1      | Found a faded altar of an unknown god.
  1259 | D:2      | Reached XP level 3. HP: 30/33 MP: 2/2
  1985 | D:3      | Reached ** piety under Trog
  2077 | D:3      | Reached skill level 5 in Axes
  2077 | D:3      | Reached XP level 4. HP: 38/41 MP: 3/3
  2286 | D:3      | Found an iron altar of Okawaru.
  2311 | D:3      | Found a runed translucent door.
  2312 | D:3      | Noticed Crazy Yiuf
  2326 | D:3      | Slain by Crazy Yiuf

Illustrated notes

Levels and vault maps discovered:
D:1:      dpeg_arrival_shrine, layout_rooms,
          hellmonk_ecumenical_altar_dog_temple, minmay_strange_pillars,
          amcnicky_mini_pool_small
D:2:      layout_loops_corners
D:3:      layout_rooms, kennysheep_okawaru_gauntlet, fedhas_altar_3,
          ebering_ghost_sewer_d, serial_shops, shop, uniq_crazy_yiuf_cottage

Skill      XL: |  1  2  3 |
---------------+----------+-----
Axes           | 4 5 |  5.3
Fighting       | 4 |  4.5
Armour         | 3 |  3.6
Dodging        | |  2.1

Action                   |  1- 3 |  4- 6 || total
-------------------------+-------+-------++-------
Melee: Hand axe          |    81 |    30 ||   111
       Headbutt          |     9 |     5 ||    14
Armor: Animal skin       |    13 |       ||    13
       Scale mail        |     6 |    11 ||    17
       Leather armour    |     5 |       ||     5
Dodge: Dodged            |    44 |    15 ||    59
